 Dungeon Crawl Stone Soup version 0.30.0-29-ga12c61a403 (webtiles) character file.

Game seed: 4470772474012351220

603 Irreverend the Trooper (level 7, 0/55 HPs)
             Began as a Demonspawn Fighter on June 6, 2023.
             Slain by a scorpion (5 damage)
             ... on level 5 of the Dungeon.
             The game lasted 00:04:33 (4247 turns).

Irreverend the Trooper (Demonspawn Fighter)         Turns: 4247, Time: 00:04:33

Health: 0/55       AC: 15    Str: 28    XL:     7   Next: 18%
Magic:  7/7        EV:  9    Int:  9    God:
Gold:   223        SH:  9    Dex: 16    Spells: 6/6 levels left

rFire   . . .        s - +9 long sword of Ighuggagg {protect, rCorr Str+3 Dex+4}
rCold   . . .        c - +0 buckler
rNeg    . . .        b - +0 scale mail
rPois   .            (helmet restricted)
rElec   .            g - +0 cloak
rCorr   +            (no gloves)
SInv    .            (no boots)
Will    .....        (no amulet) Stlth
                     e - +6 ring of strength
HPRegen 0.29/turn    (no ring)
MPRegen 0.10/turn

%: no passive effects
@: mighty, lethally poisoned (0 -> -5), under a protective aura
A: horns 2, condensation shield, demonic magic 1
a: no special abilities


You were on level 5 of the Dungeon.
You visited 1 branch of the dungeon, and saw 5 of its levels.

You collected 223 gold pieces.

Inventory:

Hand Weapons
 a - a +0 trident
 s - the +9 long sword of Ighuggagg (weapon) {protect, rCorr Str+3 Dex+4}
   (You found it on level 3 of the Dungeon)

   Str:       It affects your strength (+3).
   Dex:       It affects your dexterity (+4).
   rCorr:     It protects you from acid and corrosion.
Armour
 b - a +0 scale mail (worn)
 c - a +0 buckler (worn)
 g - a +0 cloak (worn)
 v - a +0 tower shield
Jewellery
 e - a +6 ring of strength (left hand)
 o - a ring of resist corrosion
Wands
 n - a wand of paralysis (2)
 p - a wand of flame (33)
Scrolls
 f - a scroll of blinking {unknown}
 h - a scroll of poison {unknown}
 i - 3 scrolls of acquirement {unknown}
 k - 4 scrolls of identify {unknown}
 l - 2 scrolls of torment {unknown}
 m - 2 scrolls of teleportation {unknown}
 r - a scroll of fog {unknown}
 t - 3 scrolls of fear {unknown}
Potions
 j - a potion of lignification {unknown}
 q - a potion of haste {unknown}
 u - a potion of flight {unknown}
 w - a potion of invisibility {unknown}


   Skills:
 + Level 4.7 Fighting
 + Level 2.4 Long Blades
 - Level 3.2 Polearms
 + Level 4.2 Armour
 + Level 4.3 Shields


You had 6 spell levels left.
You didn't know any spells.
Your spell library contained the following spells:

 Spells                   Type           Power      Damage    Failure   Level
 Chain Lightning          Conj/Air       0%         N/A       100%        9
 Fire Storm               Conj/Fire      0%         5d1       100%        9
 Shatter                  Erth           0%         3d5*      100%        9


Dungeon Overview and Level Annotations

Branches:
Dungeon (5/15)
 Temple: D:4-7

Altars:
Sif Muna

Shops:
D:1 :


Innate Abilities, Weirdness & Mutations

You have a pair of horns on your head.
A meltable shield of frost defends you. (SH +4)
Spells you cast may paralyse adjacent enemies.


Message History

You see here a throwing net.
You tear a large gash into the net.
The gnoll hits you but does no damage.
The orc wizard mumbles some strange words.
The orc wizard flickers and vanishes!
The scorpion stings you.
You are poisoned.
The scorpion poisons you!
The howler monkey hoots and howls with incredible vigour!
You struggle against the net.
You feel sick. The scorpion stings you.
You are more poisoned.
The scorpion poisons you! The gnoll hits you but does no damage.
You shred the net and break free!
You feel very sick.
The scorpion stings you but does no damage.
The gnoll barely misses you.
The scorpion stings you but does no damage.
The scorpion attacks as you move away!
The scorpion stings you but does no damage.
* * * LOW HITPOINT WARNING * * *
You feel very sick.
You feel very mighty all of a sudden.
* * * LOW HITPOINT WARNING * * *
You feel very sick. You block the gnoll's attack.
The orc wizard gestures wildly while chanting.
The orc wizard flickers and vanishes!
The scorpion stings you but does no damage.
You slash the scorpion!
Your weapon exudes an aura of protection.
Your headbutt misses the scorpion.
The scorpion is heavily wounded.
You feel very sick. The gnoll hits you but does no damage.
The gnoll barely misses you. The scorpion barely misses you.
You block the gnoll's attack. The gnoll closely misses you.
The scorpion stings you.
* * * LOW HITPOINT WARNING * * *
You closely miss the scorpion.
The scorpion is heavily wounded.
* * * LOW HITPOINT WARNING * * *
You feel sick. The scorpion stings you.
You die...

# #
#####.##########...#
.......<.hgs@..$.#
#####.##g#g##....# #
#.#{# ..### #g#{#
.... ..#h# .##.#
..... .. ... ##h..#
.. ... #...< .# ##


You could see a black bear, a scorpion and 3 gnolls.

Vanquished Creatures
  Grinder (D:4)
  Blork the orc (D:4)
  A bullfrog (D:4)
  A hound (D:4)
  A sleepcap (D:4)
  Ijyb (D:3)
  An orc wizard (D:4)
  Robin (D:3)
  A gnoll (D:5)
  3 adders
  A shadow imp (D:4)
  An ufetubus (D:3)
  2 dart slugs
  7 orcs
  5 endoplasms
  4 giant cockroaches
  15 goblins
  19 hobgoblins
  3 jackals (D:1)
  3 quokkas
  2 ball pythons
  6 bats
  A frilled lizard (D:3)
  10 kobolds
  3 rats
94 creatures vanquished.

Notes
Turn   | Place    | Note
-------+----------+-------------------------------------------
     0 | D:1      | Irreverend the Demonspawn Fighter began the quest for the
                  | Orb.
     0 | D:1      | Reached XP level 1. HP: 18/18 MP: 1/1
   101 | D:1      | Found Docun's Vocational Training.
   116 | D:1      | Gained mutation: You have a pair of small horns on your
                  | head. [demonic ancestry]
   116 | D:1      | Reached XP level 2. HP: 24/24 MP: 2/2
   572 | D:1      | Reached XP level 3. HP: 27/29 MP: 3/3
  1662 | D:3      | Noticed Ijyb
  1676 | D:3      | Killed Ijyb
  1677 | D:3      | Gained mutation: Spells you cast may paralyse adjacent
                  | enemies. [demonic ancestry]
  1677 | D:3      | Reached XP level 4. HP: 25/35 MP: 4/4
  1851 | D:3      | Noticed Robin
  1862 | D:3      | Killed Robin
  2252 | D:3      | Gained mutation: You have a pair of horns on your head.
                  | [demonic ancestry]
  2252 | D:3      | Reached XP level 5. HP: 42/42 MP: 5/5
  2292 | D:3      | Identified the +9 long sword of Ighuggagg {protect, rCorr
                  | Str+3 Dex+4}
  3124 | D:4      | Reached skill level 1 in Long Blades
  3312 | D:4      | Gained mutation: A meltable shield of frost defends you.
                  | (SH +4) [demonic ancestry]
  3312 | D:4      | Reached XP level 6. HP: 43/48 MP: 6/6
  3668 | D:4      | Noticed Blork the orc
  3707 | D:4      | Noticed Grinder
  3721 | D:4      | Paralysed by Grinder for 3 turns
  3728 | D:4      | Killed Grinder
  3729 | D:4      | Reached XP level 7. HP: 44/55 MP: 7/7
  4008 | D:4      | Killed Blork the orc
  4014 | D:4      | Found a shimmering blue altar of Sif Muna.
  4228 | D:5      | Entered Level 5 of the Dungeon
  4247 | D:5      | Slain by a scorpion

Illustrated notes

Levels and vault maps discovered:
D:1:      saegor_arrival_fortress, layout_loops_ring, minmay_hedge_maze,
          nicolae_shop_vocational
D:2:      layout_loops_ring, small_statue_intersection
D:3:      minmay_evil_eye, layout_basic, roderic_serpentine_path, uniq_ijyb,
          uniq_robin
D:4:      layout_layer_cave, tgw_sif, uniq_grinder, uniq_blork_the_orc
D:5:      layout_loops_ring, uniq_pikel, uniq_edmund, uniq_prince_ribbit1,
          uniq_menkaure

Skill      XL: |  1  2  3  4  5  6 |
---------------+-------------------+-----
Polearms       | 2 3 |  3.2
Shields        | 3 4 |  4.3
Armour         | 3 4 |  4.2
Fighting       | 4 |  4.7
Long Blades    | 1 2 |  2.4

Action                     |  1- 3 |  4- 6 |  7- 9 || total
---------------------------+-------+-------+-------++-------
  Melee: Trident           |   109 |    68 |       ||   177
         Headbutt          |     6 |     9 |     1 ||    16
         Long sword        |       |    53 |     5 ||    58
  Evoke: Wand              |       |       |     5 ||     5
    Use: Potion            |       |       |     1 ||     1
 Armour: Scale mail        |    48 |    64 |    14 ||   126
  Dodge: Dodged            |    29 |    40 |     6 ||    75
  Block: Buckler           |    15 |    30 |     3 ||    48
